cohdb
Replays
Latest Replays
All Replays
Popular Replays
Top Player Replays
Match Explorer
How It Works
Community
CoH3 Stats
Reddit
Sign in to upload your games and track your stats! →
Sign in with Steam
Match 45834393
Unlisted
Match 45834393
Overview
Messages
Build Orders
End
Selects Air and Sea Battlegroup
Royal Engineer Section
Construct Section Command Post
Construct Section Command Post
Dingo Light Scout Car
Vickers Machine Gun Team
Vickers Machine Gun Team
Construct Platoon Command Post
Selects Supply Surplus
Humber Armored Car
Humber Armored Car
Selects UNKNOWN (223837)
Light Vehicle Training
Royal Engineer Section
6-pounder Anti-tank Gun Team
Construct Field Infirmary
Construct Company Command Post
Selects Assault Flares
Foot Guards Section
Foot Guards Section
Assault Flares
Enemy Dave
Ben.SEZ
Soufiane Minimoys
KOCATEPE
Daghito
Adam Kadmon
Stratego
Giovanni
0
0
Comments
sign in to comment!
No comments posted yet!